 Dungeon Crawl Stone Soup version 0.19.1 (webtiles) character file.

687 Lilleppy the Spear-Bearer (level 7, -1/52 HPs)
             Began as a Merfolk Gladiator on Dec 8, 2016.
             Slain by a spriggan baker
             ... wielding a +0 dagger
              (2 damage)
             ... on level 7 of the Dungeon.
             The game lasted 00:12:50 (3194 turns).

Lilleppy the Spear-Bearer (Merfolk Gladiator)       Turns: 3194, Time: 00:12:51

Health: -1/52      AC:  8    Str: 17    XL:     7   Next: 62%
Magic:  16/16      EV: 12    Int:  8    God:
Gold:   110        SH:  0    Dex: 14    Spells: 0 memorised, 6 levels left

rFire  . . .     SeeInvis .     r - +0 halberd
rCold  . . .     Gourm    .     x - +0 scale mail
rNeg   . . .     Faith    .     (shield currently unavailable)
rPois  .         Spirit   .     c - +0 helmet
rElec  .         Reflect  .     (no cloak)
rCorr  .         Harm     .     t - +0 pair of gloves
MR     .....                    (no boots)
Stlth  +.........               (no amulet)
                                (no ring)
                                o - ring of magical power

@: no status effects
A: change form in water, swift swim, stealthy swim
a: no special abilities


You were on level 7 of the Dungeon.
You were not hungry.

You visited 1 branch of the dungeon, and saw 5 of its levels.

You collected 110 gold pieces.

Inventory:

Hand Weapons
 a - a +0 trident
 b - a +1 falchion of slicing
 q - a +3 short sword of venom
 r - a +0 halberd (weapon)
 v - a cursed -3 mace
Missiles
 d - 3 throwing nets (quivered)
Armour
 c - a +0 helmet (worn)
 t - a +0 pair of gloves (worn)
 x - a +0 scale mail (worn)
Jewellery
 o - a ring of magical power (left hand)
Scrolls
 e - 3 scrolls of teleportation {unknown}
 h - a scroll of enchant armour {unknown}
 j - 2 scrolls of noise {unknown}
 m - 3 scrolls of identify {unknown}
 u - a scroll of recharging {unknown}
Potions
 g - a potion of might {unknown}
 i - 2 potions of ambrosia {unknown}
 l - a potion of heal wounds {unknown}
 n - a potion of berserk rage {unknown}
 p - a potion of mutation {unknown}
 s - a potion of haste {unknown}
 w - a potion of lignification {unknown}
Comestibles
 f - a bread ration
 k - a slice of pizza


   Skills:
 + Level 3.4 Fighting
 + Level 9.3 Polearms
 + Level 2.3 Throwing
 + Level 1.7 Armour
 + Level 6.1 Dodging
 + Level 2.0 Stealth


You had 6 spell levels left.
You didn't know any spells.

Dungeon Overview and Level Annotations

Branches:
Dungeon (4/15)
 Temple: D:4-7

Altars:
Dithmenos

Shops:
D:4 (


Message History

You hit the spriggan baker.
The spriggan baker is moderately wounded.
The spriggan baker hits you but does no damage.
You barely miss the spriggan baker.
The spriggan baker is moderately wounded.
The spriggan baker hits you with a dagger.
* * * LOW HITPOINT WARNING * * *
Sorry, you're not good enough to have a special ability.
Sorry, you're not good enough to have a special ability.
You don't know any spells.
The spriggan baker hits you with a dagger!
* * * LOW HITPOINT WARNING * * *
The spriggan baker misses you.
The spriggan baker hits you with a dagger.
* * * LOW HITPOINT WARNING * * *
The spriggan baker hits you but does no damage.
You barely miss the spriggan baker.
The spriggan baker is moderately wounded.
The spriggan baker hits you with a dagger.
You die...

...#. #........#
####..#### ###'#...##
#........# #..#..#######
#........###
##.#......... .
#..........# %%#...#####
.##.........#######..)#
..#.#.#....))........##
..#.§§#...##...#i..##
###.#§#.#.(#....@#..#
#.§§§_.§.....[....#....
#§#§#§#.###.......####...
...#.§.#.##..............
....#.#..###.....#####.##
.........#.......[.....#
..................######
.........##.......#
.........##.......#


You could see a spriggan baker.

Vanquished Creatures
  The ghost of apoch the Poker, an amateur FoFi (D:3)
  A centaur (D:7)
  A bullfrog (D:7)
  A howler monkey (D:3)
  2 orc priests (D:7)
  An orc wizard (D:4)
  A bullfrog skeleton (D:3)
  Jessica (D:2)
  4 gnolls
  4 adders (D:2)
  2 worms (D:2)
  3 dart slugs (D:1)
  4 leopard geckos
  7 orcs
  2 ball pythons
  2 giant cockroaches
  3 goblins
  9 hobgoblins
  7 kobolds
  2 quokkas (D:2)
  6 bats
  3 frilled lizards (D:1)
  A quokka skeleton (D:4)
  7 rats
75 creatures vanquished.

Notes
Turn   | Place    | Note
-------+----------+-------------------------------------------
     0 | D:1      | Lilleppy the Merfolk Gladiator began the quest for the Orb.
     0 | D:1      | Reached XP level 1. HP: 16/16 MP: 1/1
    85 | D:1      | Reached XP level 2. HP: 16/22 MP: 2/2
   423 | D:1      | Reached skill level 5 in Polearms
   674 | D:1      | Reached XP level 3. HP: 28/28 MP: 3/3
  1061 | D:2      | Reached skill level 5 in Dodging
  1061 | D:2      | Reached XP level 4. HP: 30/34 MP: 4/4
  1106 | D:2      | Noticed Jessica
  1320 | D:2      | Reached skill level 6 in Polearms
  1323 | D:2      | Killed Jessica
  1323 | D:2      | Reached XP level 5. HP: 18/40 MP: 5/5
  1979 | D:3      | Reached skill level 1 in Stealth
  2120 | D:3      | Reached skill level 1 in Armour
  2120 | D:3      | Reached XP level 6. HP: 42/47 MP: 6/6
  2143 | D:3      | Reached skill level 7 in Polearms
  2361 | D:3      | Noticed apoch's ghost (amateur FoFi)
  2376 | D:3      | Killed apoch's ghost
  2376 | D:3      | Reached skill level 8 in Polearms
  2376 | D:3      | Reached XP level 7. HP: 19/52 MP: 7/7
  2639 | D:4      | Found Efysoch's Antique Weapon Emporium.
  2852 | D:4      | You fall through a shaft for 3 floors!
  2861 | D:7      | Found a shadowy altar of Dithmenos.
  2869 | D:7      | Reached skill level 9 in Polearms
  3169 | D:7      | Noticed a spriggan baker
  3191 | D:7      | HP: 1/52 [spriggan baker/dagger (5)]
  3194 | D:7      | Slain by a spriggan baker

Skill      XL: |  1  2  3  4  5  6  7 |
---------------+----------------------+-----
Polearms       | 5 6 8 9 |  9.3
Dodging        | 5 6 |  6.1
Fighting       | 3 |  3.4
Stealth        | 1 2 |  2.0
Armour         | 1 |  1.7
Throwing       | |  2.3

Action                   |  1- 3 |  4- 6 |  7- 9 || total
-------------------------+-------+-------+-------++-------
Melee: Trident           |    85 |    69 |       ||   154
       Halberd           |       |    46 |    47 ||    93
Throw: Throwing net      |       |     6 |       ||     6
 Stab: Held in net/web   |       |     4 |       ||     4
       Sleeping          |       |     1 |       ||     1
  Eat: Bread ration      |       |     1 |     1 ||     2
Armor: Leather armour    |    27 |    23 |       ||    50
       Ring mail         |       |     1 |     8 ||     9
       Scale mail        |       |       |     4 ||     4
Dodge: Dodged            |    90 |   109 |    28 ||   227
